 Seeded DCSS version 0.28-a0-1628-gc665463 (webtiles) character file.

Game seed: 7806067979133467332 (custom seed)

73 BALLS the Digger (level 4, 0/32 HPs)
             Began as a Gnoll Earth Elementalist on Jan 23, 2022.
             Fell down a flight of stairs (1 damage)
             ... on level 3 of the Dungeon.
             The game lasted 00:06:19 (1994 turns).

BALLS the Digger (Gnoll Earth Elementalist)         Turns: 1994, Time: 00:06:20

Health: 0/32       AC:  2    Str:  5    XL:     4   Next: 27%
Magic:  11/11      EV: 12    Int: 16    God:
Gold:   24         SH:  0    Dex: 11    Spells: 9/13 levels left

rFire   . . .      SeeInvis .   i - +4 dagger (venom)
rCold   . . .      Faith    .   e - +0 buckler
rNeg    . . .      Spirit   .   b - +0 robe
rPois   .          Reflect  .   (no helmet)
rElec   .          Harm     .   (no cloak)
rCorr   .          Rampage  .   (no gloves)
Will    .....                   (no boots)
Stlth   +.........              g - amulet of the acrobat
HPRegen 0.10/turn               (no ring)
MPRegen 0.12/turn               (no ring)

@: confused, ambrosia-drunk
A: fangs 1, strong nose, distributed training, clumsy 1, weak 1, MP-powered
wands
a: no special abilities


You were on level 3 of the Dungeon.
You visited 1 branch of the dungeon, and saw 3 of its levels.

You collected 24 gold pieces.

Inventory:

Hand Weapons
 i - a +4 dagger of venom (weapon)
Missiles
 c - 4 stones
Armour
 b - a +0 robe (worn)
 e - a +0 buckler (worn)
Jewellery
 g - an amulet of the acrobat (around neck)
Scrolls
 a - 3 scrolls of immolation {unknown}
 f - a scroll of magic mapping {unknown}
 h - a scroll of teleportation {unknown}
 l - 2 scrolls of holy word {unknown}
Potions
 k - 2 potions of magic


   Skills:
 + Level 1.1 Fighting
 + Level 1.1 Short Blades
 + Level 1.1 Long Blades
 + Level 1.1 Axes
 + Level 1.1 Maces & Flails
 + Level 1.1 Polearms
 + Level 1.1 Staves
 + Level 1.1 Slings
 + Level 1.1 Bows
 + Level 1.1 Crossbows
 + Level 1.1 Throwing
 + Level 1.1 Armour
 + Level 4.6 Dodging
 + Level 4.2 Stealth
 + Level 1.1 Shields
 + Level 1.1 Unarmed Combat
 + Level 5.0 Spellcasting
 + Level 0.8 Conjurations
 + Level 0.8 Hexes
 + Level 0.8 Summonings
 + Level 0.8 Necromancy
 + Level 0.8 Translocations
 + Level 2.2 Transmutations
 + Level 0.8 Fire Magic
 + Level 0.8 Ice Magic
 + Level 0.8 Air Magic
 + Level 5.4 Earth Magic
 + Level 0.8 Poison Magic
 + Level 1.2 Invocations
 + Level 1.1 Evocations


You had 9 spell levels left.
You knew the following spells:

 Your Spells              Type           Power      Damage    Failure   Level
a - Sandblast             Erth           42%        2d11      1%          1
b - Stone Arrow           Conj/Erth      28%        3d8       16%         3

Your spell library contained the following spells:

 Spells                   Type           Power      Damage    Failure   Level
 Passwall                 Tmut/Erth      13%        N/A       6%          2
 Tukima's Dance           Hex            6%         N/A       38%         3
 Petrify                  Tmut/Erth      16%        N/A       38%         4
 Anguish                  Hex/Necr       3%         N/A       80%         4
 Enfeeble                 Hex            3%         N/A       100%        7


Dungeon Overview and Level Annotations

Branches:
Dungeon (3/15)

Altars:

Annotations:
D:2 1 runed translucent door, Crazy Yiuf


Innate Abilities, Weirdness & Mutations

You have very sharp teeth.
Your uncanny sense of smell can sniff out nearby items.
Your experience applies equally to all skills.
You are clumsy. (Dex -2)
You are weak. (Str -2)
You expend magic power (3 MP) to strengthen your wands.


Message History

In your confused state, you trip and fall back down the stairs.
The orc wizard hits you but does no damage.
The orc wizard gestures at you while chanting.
The magic dart hits you! The orc hits you but does no damage.
The orc closely misses you.
The orc wizard gestures at you while chanting.
You are more confused.
The orc hits you with a +0 short sword. The orc barely misses you.
The orc wizard hits you but does no damage.
In your confused state, you trip and fall back down the stairs.
The orc wizard hits you with a +0 dagger.
The orc hits you with a +0 short sword.
The orc wizard hits you but does no damage.
The orc hits you with a +0 hand axe.
* * * LOW HITPOINT WARNING * * *
Unknown command.
It was a potion of mutation.
You feel extremely strange.
You feel clumsy.
You feel weaker.
You feel your magical essence link to the dungeon's wands.
The orc wizard hits you with a +0 dagger.
* * * LOW HITPOINT WARNING * * *
The orc misses you.
The hobgoblin hits you but does no damage.
The orc wizard hits you with a +0 dagger.
* * * LOW HITPOINT WARNING * * *
The orc completely misses you.
It was a potion of ambrosia.
You are more confused.
You feel invigorated. The orc wizard misses you.
The orc wizard closely misses you. The orc hits you but does no damage.
The hobgoblin closely misses you. The orc completely misses you.
The orc wizard hits you with a +0 dagger.
* * * LOW HITPOINT WARNING * * *
The hobgoblin barely misses you.
The orc wizard hits you with a +0 dagger.
* * * LOW HITPOINT WARNING * * *
The orc barely misses you. The orc hits you with a +0 hand axe.
* * * LOW HITPOINT WARNING * * *
In your confused state, you trip and fall back down the stairs.
You die...

.... . ..# .. ... .#
... ... ### ..###..
#..###.###....
....... #....l.......
...... #?.oog...# ###
..#.. #..$@..?.###..
#.#..
###.oo........###....
#.###....##...#....
.. ##....†...... ...
######...... ....
###.... ..... #....
##...! #.... #....


You could see 2 orc wizards, 2 orcs, a hobgoblin and a frilled lizard.

Vanquished Creatures
  An adder (D:2)
  A worm (D:2)
  A dart slug (D:1)
  5 endoplasms
  8 goblins
  3 hobgoblins
  2 jackals (D:2)
  2 quokkas (D:1)
  4 ball pythons
  6 bats
  4 frilled lizards (D:1)
  12 kobolds
  8 rats
57 creatures vanquished.

Vanquished Creatures (others)
  16 plants (D:1)
16 creatures vanquished.

Grand Total: 73 creatures vanquished

Notes
Turn   | Place    | Note
-------+----------+-------------------------------------------
     0 | D:1      | BALLS the Gnoll Earth Elementalist began the quest for the
                  | Orb.
     0 | D:1      | Reached XP level 1. HP: 13/13 MP: 6/6
   212 | D:1      | Reached XP level 2. HP: 19/19 MP: 5/7
   595 | D:1      | Reached XP level 3. HP: 25/25 MP: 6/9
   645 | D:1      | Reached skill level 5 in Spellcasting
  1122 | D:2      | Reached skill level 1 in Invocations
  1289 | D:2      | Reached skill level 1 in Fighting
  1289 | D:2      | Reached skill level 1 in Short Blades
  1289 | D:2      | Reached skill level 1 in Long Blades
  1289 | D:2      | Reached skill level 1 in Axes
  1289 | D:2      | Reached skill level 1 in Maces & Flails
  1289 | D:2      | Reached skill level 1 in Polearms
  1289 | D:2      | Reached skill level 1 in Staves
  1289 | D:2      | Reached skill level 1 in Slings
  1289 | D:2      | Reached skill level 1 in Bows
  1289 | D:2      | Reached skill level 1 in Crossbows
  1289 | D:2      | Reached skill level 1 in Throwing
  1289 | D:2      | Reached skill level 1 in Armour
  1289 | D:2      | Reached skill level 1 in Shields
  1289 | D:2      | Reached skill level 1 in Unarmed Combat
  1289 | D:2      | Reached skill level 1 in Evocations
  1293 | D:2      | Learned a level 3 spell: Stone Arrow
  1349 | D:2      | Reached XP level 4. HP: 19/32 MP: 8/11
  1558 | D:2      | Found a faded altar of an unknown god.
  1715 | D:2      | Found a runed translucent door.
  1716 | D:2      | Noticed Crazy Yiuf
  1941 | D:3      | Noticed a phantom
  1991 | D:3      | Gained mutation: You are clumsy. (Dex -2) [potion of
                  | mutation]
  1991 | D:3      | Gained mutation: You are weak. (Str -2) [potion of
                  | mutation]
  1991 | D:3      | Gained mutation: You expend magic power (3 MP) to
                  | strengthen your wands. [potion of mutation]
  1993 | D:3      | HP: 1/32 [orc (6)]
  1994 | D:3      | Fell down a flight of stairs

Illustrated notes

Levels and vault maps discovered:
D:1:      noname_arrival_rooms_in_the_neighbourhood, layout_loops_ring,
          lexackson_kobold_supper
D:2:      kennysheep_the_goblin_king, layout_loops_ring,
          ebering_ecumenical_altar_abandoned, uniq_crazy_yiuf_cottage
D:3:      layout_rooms, uniq_sigmund

Skill      XL: |  1  2  3 |
---------------+----------+-----
Transmutations | 2 |  2.2
Spellcasting   | 5 |  5.0
Invocations    | 1 |  1.2
Fighting       | 1 |  1.1
Short Blades   | 1 |  1.1
Long Blades    | 1 |  1.1
Axes           | 1 |  1.1
Maces & Flails | 1 |  1.1
Polearms       | 1 |  1.1
Staves         | 1 |  1.1
Slings         | 1 |  1.1
Bows           | 1 |  1.1
Crossbows      | 1 |  1.1
Throwing       | 1 |  1.1
Armour         | 1 |  1.1
Shields        | 1 |  1.1
Unarmed Combat | 1 |  1.1
Evocations     | 1 |  1.1
Dodging        | |  4.6
Stealth        | |  4.2
Conjurations   | |  0.8
Hexes          | |  0.8
Summonings     | |  0.8
Necromancy     | |  0.8
Translocations | |  0.8
Fire Magic     | |  0.8
Ice Magic      | |  0.8
Air Magic      | |  0.8
Earth Magic    | |  5.4
Poison Magic   | |  0.8

Action                   |  1- 3 |  4- 6 || total
-------------------------+-------+-------++-------
Melee: Dagger            |    14 |    20 ||    34
       Bite              |       |     3 ||     3
 Cast: Sandblast         |    45 |     2 ||    47
  Use: Scroll            |       |     2 ||     2
       Potion            |       |     2 ||     2
 Stab: Sleeping          |     2 |       ||     2
Armor: Robe              |       |     6 ||     6
Dodge: Dodged            |    11 |    25 ||    36
Block: Buckler           |       |     1 ||     1

Table legend: (Time is in decaauts)
 A = Elapsed time spent in this place.
 B = Non-inter-level travel time spent in this place.
 C = Inter-level travel time spent in this place.
 D = Time resting spent in this place.
 E = Time spent auto-exploring this place.
 F = Levels seen in this place.
 G = Mean time per level.
                   A        B        C        D        E       F      G
               +--------+--------+--------+--------+--------+-----+--------+
         Total |   1992 |   1870 |    122 |    225 |   1123 |   3 |  664.0 |
       Dungeon |   1992 |   1870 |    122 |    225 |   1123 |   3 |  664.0 |
               +--------+--------+--------+--------+--------+-----+--------+

Top non-repeatable levels by time:
     D:1: 1109 daAuts
     D:2: 838 daAuts
     D:3: 44 daAuts
